 Dungeon Crawl Stone Soup version 0.30-a0-949-g53dc5368d7 (webtiles) character file.

Game seed: 12307339360423779123

39 mopl the Magician (level 3, 0/24 HPs)
             Began as a Mummy Fire Elementalist on Mar 27, 2023.
             Slain by a quokka (4 damage)
             ... on level 1 of the Dungeon.
             The game lasted 00:01:33 (821 turns).

mopl the Magician (Mummy Fire Elementalist)          Turns: 821, Time: 00:01:34

Health: 0/24       AC:  2    Str: 11    XL:     3   Next: 28%
Magic:  0/7        EV: 12    Int: 16    God:
Gold:   45         SH:  0    Dex: 12    Spells: 2/8 levels left

rFire   x . .      SeeInvis .    f - +0 dagger
rCold   + . .      Faith    +    (no shield)
rNeg    + + +      Spirit   .    a - +0 robe
rPois   ∞          Reflect  .    (no helmet)
rElec   .          Rampage  .    (no cloak)
rCorr   .                        (no gloves)
Will    .....                    (no boots)
Stlth   ++                       (no amulet)
HPRegen 0.24/turn                (no ring)
MPRegen 0.10/turn                (no ring)

@: no status effects
A: cold resistance 1, negative energy resistance 3, torment resistance 2, heat
vulnerability 1, in touch with death 1, no potions, faith
a: no special abilities


You were on level 1 of the Dungeon.
You visited 1 branch of the dungeon, and saw 1 of its levels.

You collected 45 gold pieces.

Inventory:

Hand Weapons
 f - a +0 dagger (weapon)
Armour
 a - a +0 robe (worn)
Scrolls
 b - a scroll of teleportation {unknown}
 c - a scroll of vulnerability {unknown}
 d - a scroll of fog {unknown}
 e - a scroll of magic mapping {unknown}


   Skills:
 - Level 1.5 Dodging
 - Level 1.5 Stealth
 + Level 3.2 Spellcasting
 * Level 1.7 Conjurations
 + Level 0.0 Translocations
 * Level 2.9 Fire Magic


You had 2 spell levels left.
You knew the following spells:

 Your Spells              Type           Power      Damage    Failure   Level
a - Foxfire               Conj/Fire      40%        2x1d6     7%          1
b - Scorch                Fire           24%        2d6       9%          2
c - Kindle Blastsparks    Fire/Tloc/Air  10%        2d10      36%         3

Your spell library contained the following spells:

 Spells                   Type           Power      Damage    Failure   Level
 Inner Flame              Hex/Fire       7%         N/A       30%         3
 Flame Wave               Conj/Fire      10%        2d6       56%         4


Dungeon Overview and Level Annotations

Branches:
Dungeon (1/15)

Altars:


Innate Abilities, Weirdness & Mutations

You are immune to poison.
Your flesh is cold resistant. (rC+)
You are immune to negative energy. (rN+++)
You are immune to unholy pain and torment.
You are vulnerable to heat. (rF-)
You are in touch with the powers of death.
You do not drink.
You have a special connection with the divine. (Faith)


Message History

The quokka barely misses you.
You hit the quokka.
The quokka is heavily wounded.
The quokka closely misses you.
You hit the quokka but do no damage.
The quokka is heavily wounded.
The quokka misses you. The quokka bites you.
You are too injured to fight recklessly!
You are too injured to fight recklessly!
The quokka bites you.
* * * LOW HITPOINT WARNING * * *
Things that are here:
a +0 dagger; a goblin corpse
f - a +0 dagger The quokka twitches its whiskers.
The quokka barely misses you.
f - a +0 dagger (weapon)
The quokka closely misses you.
Casting: Foxfire (safe; 7% risk of failure)
Confirm with . or Enter, or press ? or * to list all spells.
You don't know that spell.
You hit the quokka.
The quokka is heavily wounded.
The quokka closely misses you.
You completely miss the quokka.
The quokka is heavily wounded.
The quokka bites you.
* * * LOW HITPOINT WARNING * * *
Casting: Foxfire (safe; 7% risk of failure)
Confirm with . or Enter, or press ? or * to list all spells.
You conjure some foxfire!
The quokka barely misses you.
Unknown command.
Your foxfire dissipates!
The quokka attacks as you move away! The quokka barely misses you.
The foxfire hits the quokka.
The quokka is almost dead.
You hit the quokka but do no damage.
The quokka is almost dead.
The quokka barely misses you. The quokka bites you.
You die...

.. ... #.##..# #.....
###..#.# ......###
#...... #....# # #
#)†###.# ..# . #.#.
#.r@...# #.>#. ..
..##.####.#
.....#.#####.#.# #.#
#..#..#.....#..# #.#
#..#.#~.....~..## #.#
....#.~~†..~.~#.###.#
...#..~.~~~.~..#.##.#
...#~~)~≈≈†~...#.##.#
.......≈_.≈....#....#


You could see a quokka.

Vanquished Creatures
  3 ball pythons (D:1)
  A bat (D:1)
  2 endoplasms (D:1)
  3 giant cockroaches (D:1)
  3 goblins (D:1)
  5 hobgoblins (D:1)
  8 jackals (D:1)
  A kobold (D:1)
  2 quokkas (D:1)
  2 rats (D:1)
30 creatures vanquished.

Vanquished Creatures (others)
  72 foxfires (D:1)
72 creatures vanquished.

Grand Total: 102 creatures vanquished

Notes
Turn   | Place    | Note
-------+----------+-------------------------------------------
     0 | D:1      | mopl the Mummy Fire Elementalist began the quest for the
                  | Orb.
     0 | D:1      | Reached XP level 1. HP: 13/13 MP: 4/4
   100 | D:1      | Reached skill level 1 in Conjurations
   136 | D:1      | Reached XP level 2. HP: 14/19 MP: 3/5
   139 | D:1      | Learned a level 2 spell: Scorch
   282 | D:1      | Reached skill level 3 in Spellcasting
   534 | D:1      | Gained mutation: You are in touch with the powers of death.
                  | [Mummy growth]
   534 | D:1      | Reached XP level 3. HP: 16/24 MP: 0/7
   538 | D:1      | Learned a level 3 spell: Kindle Blastsparks
   648 | D:1      | Found a faded altar of an unknown god.
   821 | D:1      | Slain by a quokka

Illustrated notes

Levels and vault maps discovered:
D:1:      lemuel_arrival_tunnels, layout_basic, serial_shops, shop,
          shapermc_ecumenical_altar_starsandcircs, minmay_surrounded

Skill      XL: |  1  2 |
---------------+-------+-----
Conjurations   | 1 |  1.7
Spellcasting   | 3 |  3.2
Dodging        | |  1.5
Stealth        | |  1.5
Fire Magic     | |  2.9

Action                     || total
---------------------------++-------
  Melee: Unarmed           ||    93
         Dagger            ||     3
   Cast: Foxfire           ||    51
 Armour: Robe              ||    34
  Dodge: Dodged            ||   125

Table legend: (Time is in decaauts)
 A = Elapsed time spent in this place.
 B = Non-inter-level travel time spent in this place.
 C = Inter-level travel time spent in this place.
 D = Time resting spent in this place.
 E = Time spent auto-exploring this place.
 F = Levels seen in this place.
 G = Mean time per level.
                   A        B        C        D        E       F      G
               +--------+--------+--------+--------+--------+-----+--------+
         Total |    821 |    821 |      0 |    197 |    346 |   1 |  821.0 |
       Dungeon |    821 |    821 |      0 |    197 |    346 |   1 |  821.0 |
               +--------+--------+--------+--------+--------+-----+--------+

Top non-repeatable levels by time:
     D:1: 821 daAuts
